 Dungeon Crawl Stone Soup version 0.26-a0-800-g517d6fe721 (webtiles) character file.

Game seed: 7022177395370017990

332 jalala the Thaumaturge (level 6, 0/44 HPs)
             Began as a Gnoll Wanderer on Nov 11, 2020.
             Was a Follower of Ashenzari.
             Slain by an ice beast (2 damage)
             ... on level 5 of the Dungeon.
             The game lasted 00:09:48 (5406 turns).

jalala the Thaumaturge (Gnoll Wanderer)             Turns: 5406, Time: 00:09:49

Health: 0/44       AC:  3    Str: 16    XL:     6   Next: 52%
Magic:  20/20      EV: 10    Int: 15    God:    Ashenzari [*.....]
Gold:   155        SH:  9    Dex: 20    Spells: 17/27 levels left

rFire    . . .     SeeInvis .   a - +1 whip (elec)
rCold    . . .     Faith    .   o - +0 kite shield
rNeg     . . .     Spirit   .   k - +0 leather armour
rPois    .         Reflect  .   (no helmet)
rElec    .         Harm     .   (no cloak)
rCorr    .         Rampage  .   (no gloves)
MR       .....                  (no boots)
Stlth    ++........             (no amulet)
HPRegen  0.14/turn              h - ring of wizardry
MPRegen  0.17/turn              t - +6 ring of dexterity

@: no status effects
A: distributed training, fangs 1, strong nose
a: Curse Item, Scrying, Renounce Religion


You were on level 5 of the Dungeon.
You worshipped Ashenzari.
Ashenzari was aware of your devotion.
You visited 1 branch of the dungeon, and saw 5 of its levels.

You collected 155 gold pieces.

Inventory:

Hand Weapons
 a - a +1 whip of electrocution (weapon)
 b - a +0 hunting sling
Missiles
 f - 6 curare-tipped darts
 g - 266 stones (quivered)
 i - 79 sling bullets
 j - 27 poisoned darts
 v - 15 bolts
Armour
 k - a +0 leather armour (worn)
 o - a +0 kite shield (worn)
Jewellery
 h - a ring of wizardry (left hand)
 t - a +6 ring of dexterity (right hand)
Wands
 w - a wand of iceblast (9)
 x - a wand of polymorph (7)
 y - a wand of paralysis (15)
Scrolls
 m - a scroll of amnesia {unknown}
 n - a scroll of blinking {unknown}
 p - 2 scrolls of magic mapping {unknown}
 s - 2 scrolls of teleportation {unknown}
 A - a scroll of enchant weapon {unknown}
 B - a scroll of remove curse
Potions
 c - 3 potions of curing
 d - a potion of ambrosia
 e - a potion of brilliance
 l - a potion of invisibility
 q - 2 potions of haste
 r - a potion of attraction
 u - 2 potions of flight
 z - a potion of might


   Skills:
 + Level 2.0 Fighting
 + Level 2.0 Short Blades
 + Level 2.0 Long Blades
 + Level 2.0 Axes
 + Level 2.0 Maces & Flails
 + Level 2.0 Polearms
 + Level 2.0 Staves
 + Level 2.0 Slings
 + Level 2.0 Bows
 + Level 2.0 Crossbows
 + Level 2.0 Throwing
 + Level 2.0 Armour
 + Level 2.0 Dodging
 + Level 3.1 Stealth
 + Level 2.0 Shields
 + Level 2.0 Unarmed Combat
 + Level 11.3 Spellcasting
 + Level 4.1 Conjurations
 + Level 1.5 Hexes
 + Level 1.5 Summonings
 + Level 2.6 Necromancy
 + Level 1.5 Translocations
 + Level 1.5 Transmutations
 + Level 1.5 Fire Magic
 + Level 1.5 Ice Magic
 + Level 1.5 Air Magic
 + Level 1.5 Earth Magic
 + Level 1.5 Poison Magic
 + Level 2.2 Invocations
 + Level 3.2 Evocations


You had 17 spell levels left.
You knew the following spells:

 Your Spells              Type           Power        Failure   Level
a - Magic Dart            Conj           ###.         4%          1
b - Blink                 Tloc           N/A          17%         2
c - Slow                  Hex            ##......     17%         2
d - Call Imp              Summ           ##......     17%         2
e - Mephitic Cloud        Conj/Pois/Air  ###.....     24%         3

Your spell library contained the following spells:

 Spells                   Type           Power        Failure   Level
 Beastly Appendage        Tmut           ##....       12%         1
 Conjure Flame            Conj/Fire      ###.....     21%         3
 Ignite Poison            Fire/Tmut/Pois ##......     32%         3


Dungeon Overview and Level Annotations

Branches:
Dungeon (5/15)
 Temple: D:4-7

Altars:
Ashenzari
Makhleb
Vehumet

Annotations:
D:5 exclusion: statue


Innate Abilities, Weirdness & Mutations

Your experience applies equally to all skills.
You have very sharp teeth.
Your uncanny sense of smell can sniff out nearby items.


Message History

You hit the ice beast but do no damage. You block the ice beast's attack.
The ice beast barely misses you. The ice beast hits you.
The ice beast freezes you!
* * * LOW HITPOINT WARNING * * *
The ice beast barely misses you. The ice beast hits you.
* * * LOW HITPOINT WARNING * * *
The ice beast freezes you!
* * * LOW HITPOINT WARNING * * *
Okay, then.
Casting: Magic Dart (safe; 4% risk of failure)
Confirm with . or Enter, or press ? or * to list all spells.
Okay, then.
Evoke which item? (* to show all) (? for menu, Esc to quit)
Aiming: Paralyse
Press: ? - help, Shift-Dir - straight line, f - ice beast
Aim: an ice beast (chance to defeat MR: 55%)
The ice beast resists with significant effort.
The ice beast hits you.
You die...

##.## ##.#
....... #.##
....... ##.#
....... #.##
....... ##.#
##....... #.##
##........ ##.##
##......... #@.#
##.....#
##Y###.....####.
##..#............
#............####
##.....########
##.....##
#......####
#.........#
#..........#


You could see an ice beast.

Vanquished Creatures
  A jelly (D:3)
  3 iguanas
  2 orc wizards (D:4)
  A worker ant (D:4)
  A hound skeleton (D:4)
  3 adders
  2 oozes (D:1)
  3 adder skeletons (D:4)
  2 worms
  2 dart slugs
  A leopard gecko (D:1)
  12 orcs
  3 giant cockroaches
  3 goblins
  4 hobgoblins
  4 jackals (D:2)
  2 quokkas
  A ball python (D:1)
  8 bats
  9 frilled lizards
  9 kobolds
  A quokka skeleton (D:4)
  5 rats
82 creatures vanquished.

Vanquished Creatures (collateral kills)
  A dart slug (D:1)
  A giant cockroach (D:1)
  A goblin (D:1)
3 creatures vanquished.

Grand Total: 85 creatures vanquished

Notes
Turn   | Place    | Note
-------+----------+-------------------------------------------
     0 | D:1      | Reached skill level 11 in Spellcasting
     0 | D:1      | jalala the Gnoll Wanderer began the quest for the Orb.
     0 | D:1      | jalala set off with the following items: a +0 club, a
                  | potion of curing, a +0 robe; and the following spells
                  | available to memorise: Magic Dart, Beastly Appendage,
                  | Conjure Flame, Blink, Call Imp, Slow, Mephitic Cloud,
                  | Ignite Poison
     0 | D:1      | Reached XP level 1. HP: 13/13 MP: 12/12
    37 | D:1      | Learned a level 1 spell: Magic Dart
   229 | D:1      | Reached XP level 2. HP: 19/19 MP: 8/14
   245 | D:1      | Learned a level 2 spell: Blink
   248 | D:1      | Learned a level 2 spell: Slow
   251 | D:1      | Learned a level 2 spell: Call Imp
   882 | D:1      | Reached XP level 3. HP: 25/25 MP: 15/15
  1256 | D:2      | Reached skill level 1 in Invocations
  1406 | D:2      | Reached skill level 1 in Fighting
  1406 | D:2      | Reached skill level 1 in Short Blades
  1406 | D:2      | Reached skill level 1 in Long Blades
  1406 | D:2      | Reached skill level 1 in Axes
  1406 | D:2      | Reached skill level 1 in Maces & Flails
  1406 | D:2      | Reached skill level 1 in Polearms
  1406 | D:2      | Reached skill level 1 in Staves
  1406 | D:2      | Reached skill level 1 in Slings
  1406 | D:2      | Reached skill level 1 in Bows
  1406 | D:2      | Reached skill level 1 in Crossbows
  1406 | D:2      | Reached skill level 1 in Throwing
  1406 | D:2      | Reached skill level 1 in Armour
  1406 | D:2      | Reached skill level 1 in Dodging
  1406 | D:2      | Reached skill level 1 in Shields
  1406 | D:2      | Reached skill level 1 in Unarmed Combat
  1465 | D:2      | Reached XP level 4. HP: 32/32 MP: 17/17
  1691 | D:2      | Found a broken altar of Ashenzari.
  1700 | D:2      | Became a worshipper of Ashenzari the Shackled
  1745 | D:2      | Found a burning altar of Makhleb.
  1745 | D:2      | Noticed a cacodemon
  1748 | D:2      | Noticed a hellwing
  1748 | D:2      | Noticed an orange demon
  2618 | D:3      | Reached skill level 1 in Hexes
  2618 | D:3      | Reached skill level 1 in Summonings
  2618 | D:3      | Reached skill level 1 in Translocations
  2618 | D:3      | Reached skill level 1 in Transmutations
  2618 | D:3      | Reached skill level 1 in Fire Magic
  2618 | D:3      | Reached skill level 1 in Ice Magic
  2618 | D:3      | Reached skill level 1 in Air Magic
  2618 | D:3      | Reached skill level 1 in Earth Magic
  2618 | D:3      | Reached skill level 1 in Poison Magic
  3074 | D:3      | Reached XP level 5. HP: 37/37 MP: 12/18
  3210 | D:3      | Learned a level 3 spell: Mephitic Cloud
  4320 | D:4      | Reached * piety under Ashenzari
  4573 | D:4      | Reached XP level 6. HP: 38/44 MP: 10/20
  5086 | D:5      | Entered Level 5 of the Dungeon
  5207 | D:5      | Found a radiant altar of Vehumet.
  5384 | D:5      | Noticed an ice beast
  5402 | D:5      | HP: 1/44 [ice beast (8)]
  5406 | D:5      | Slain by an ice beast

Illustrated notes

Levels and vault maps discovered:
D:1:      roderic_octagonal_star, layout_basic, serial_park_tiny_2
D:2:      layout_basic, lemuel_doored_altar, makhleb_altar_promises_db
D:3:      minmay_bubble_buster, layout_loops_corners
D:4:      layout_basic
D:5:      layout_cave_pods, vehumet_statue, serial_shops,
          nicolae_shop_behind_doors, uniq_sigmund

Skill      XL: |  1  2  3  4  5  6 |
---------------+-------------------+-----
Spellcasting   | | 11.3
Necromancy     | 2 |  2.6
Invocations    | 1 2 |  2.2
Fighting       | 1 2 |  2.0
Short Blades   | 1 2 |  2.0
Long Blades    | 1 2 |  2.0
Axes           | 1 2 |  2.0
Maces & Flails | 1 2 |  2.0
Polearms       | 1 2 |  2.0
Staves         | 1 2 |  2.0
Slings         | 1 2 |  2.0
Bows           | 1 2 |  2.0
Crossbows      | 1 2 |  2.0
Throwing       | 1 2 |  2.0
Armour         | 1 2 |  2.0
Dodging        | 1 2 |  2.0
Shields        | 1 2 |  2.0
Unarmed Combat | 1 2 |  2.0
Hexes          | 1 |  1.5
Summonings     | 1 |  1.5
Translocations | 1 |  1.5
Transmutations | 1 |  1.5
Fire Magic     | 1 |  1.5
Ice Magic      | 1 |  1.5
Air Magic      | 1 |  1.5
Earth Magic    | 1 |  1.5
Poison Magic   | 1 |  1.5
Evocations     | 3 |  3.2
Conjurations   | 4 |  4.1
Stealth        | 3 |  3.1

Action                   |  1- 3 |  4- 6 || total
-------------------------+-------+-------++-------
Melee: Club              |    10 |       ||    10
       Bite              |     1 |     1 ||     2
       Short sword       |       |     8 ||     8
       Mace              |       |     2 ||     2
       Whip              |       |    12 ||    12
 Fire: Hunting sling     |    45 |   113 ||   158
 Cast: Magic Dart        |    27 |    55 ||    82
       Call Imp          |     1 |     9 ||    10
       Slow              |       |     1 ||     1
Evoke: Wand              |       |     1 ||     1
  Use: Scroll            |       |     8 ||     8
 Stab: Sleeping          |       |     1 ||     1
Armor: Leather armour    |     6 |     8 ||    14
Dodge: Dodged            |    13 |    31 ||    44
Block: Kite shield       |       |     2 ||     2

Table legend: (Time is in decaauts)
 A = Elapsed time spent in this place.
 B = Non-inter-level travel time spent in this place.
 C = Inter-level travel time spent in this place.
 D = Time resting spent in this place.
 E = Time spent auto-exploring this place.
 F = Levels seen in this place.
 G = Mean time per level.
                   A        B        C        D        E       F      G
               +--------+--------+--------+--------+--------+-----+--------+
         Total |   5436 |   5289 |    147 |    752 |   3858 |   5 | 1087.2 |
       Dungeon |   5436 |   5289 |    147 |    752 |   3858 |   5 | 1087.2 |
               +--------+--------+--------+--------+--------+-----+--------+

Top non-repeatable levels by time:
     D:4: 1644 daAuts
     D:3: 1482 daAuts
     D:1: 1192 daAuts
     D:2: 795 daAuts
     D:5: 320 daAuts
